 Dungeon Crawl Stone Soup version 0.21.1-1-g345015f (webtiles) character file.

266 kae the Chopper (level 6, -3/53 HPs)
             Began as a Hill Orc Fighter on June 11, 2018.
             Slain by an orc priest
             ... wielding a +1 falchion of distortion
              (8 damage)
             ... on level 4 of the Dungeon.
             The game lasted 00:01:54 (2413 turns).

kae the Chopper (Hill Orc Fighter)                  Turns: 2413, Time: 00:01:54

Health: -3/53      AC:  7    Str: 20    XL:     6   Next: 20%
Magic:  6/6        EV:  8    Int:  8    God:
Gold:   101        SH:  9    Dex: 11    Spells: 5/5 levels left

rFire    + . .     SeeInvis .   a - +0 war axe
rCold    . . .     Gourm    .   c - +0 shield
rNeg     . . .     Faith    .   b - +0 scale mail
rPois    .         Spirit   .   (no helmet)
rElec    .         Reflect  .   (no cloak)
rCorr    .         Harm     .   (no gloves)
MR       .....                  (no boots)
Stlth    ..........             (no amulet)
HPRegen  0.17/turn              g - ring of protection from fire
MPRegen  0.10/turn              i - ring of flight

@: slowed, very slow
A: no striking features
a: Convert to Beogh, Evoke Flight


You were on level 4 of the Dungeon.
You were not hungry.

You visited 1 branch of the dungeon, and saw 4 of its levels.

You collected 101 gold pieces.

Inventory:

Hand Weapons
 a - a +0 war axe (weapon)
Armour
 b - a +0 scale mail (worn)
 c - a +0 shield (worn)
Jewellery
 g - a ring of protection from fire (left hand)
 i - a ring of flight (right hand)
Scrolls
 d - a scroll of teleportation
 j - a scroll of remove curse
Potions
 k - a potion of flight
 l - a potion of lignification {unknown}
Comestibles
 f - 3 rations


   Skills:
 + Level 4.6 Fighting
 * Level 5.4 Axes
 + Level 4.3 Armour
 + Level 1.5 Dodging
 + Level 4.2 Shields


You had 5 spell levels left.
You didn't know any spells.

Dungeon Overview and Level Annotations

Branches:
Dungeon (4/15)
 Temple: D:4-7

Altars:
Elyvilon

Shops:
D:4 :


Message History

The orc wizard blinks!
The hound bites you. You block the orc's attack.
You block the orc wizard's attack.
The orc priest hits you but does no damage.
Space bends around you. The hound bites you.
* * * LOW HITPOINT WARNING * * *
You barely miss the orc priest. You closely miss the orc wizard.
You hit the orc. You closely miss the hound. You block the orc wizard's attack.
The hound bites you but does no damage. The orc hits you.
* * * LOW HITPOINT WARNING * * *
The orc wizard hits you but does no damage.
The orc priest misses you. The hound barely misses you.
The orc hits you but does no damage.
The orc wizard gestures at you while chanting.
You block the puff of frost.
The orc wizard casts a spell.
The orc wizard blinks!
The orc priest hits you with a falchion of distortion.
* * * LOW HITPOINT WARNING * * *
Space warps horribly around you!
You die...

..# ..# #.## ..#
#..# ...### #..##
§....# #.>.###
#...)..
#.....##.......
#.....ho)..§...
##....o@o[......
#####.....[.####....
#.....##.....# .
..........###....#
..........# #^...#
..#.......# ##...#
#.........# ##....
.........## (.....
.......... ..#...


You could see a hound, an orc priest, an orc wizard and an orc.

Vanquished Creatures
  An orc priest (D:4)
  An orc wizard (D:4)
  8 gnolls
  4 adders
  2 dart slugs (D:2)
  9 orcs
  4 giant cockroaches
  7 goblins
  13 hobgoblins
  6 jackals
  3 quokkas
  11 bats
  A frilled lizard (D:1)
  6 kobolds
  5 rats
81 creatures vanquished.

Notes
Turn   | Place    | Note
-------+----------+-------------------------------------------
     0 | D:1      | kae the Hill Orc Fighter began the quest for the Orb.
     0 | D:1      | Reached XP level 1. HP: 19/19 MP: 1/1
    61 | D:1      | Reached skill level 3 in Axes
    87 | D:1      | Reached XP level 2. HP: 24/27 MP: 2/2
   377 | D:1      | Reached XP level 3. HP: 28/33 MP: 3/3
   805 | D:2      | Found a white marble altar of Elyvilon.
   818 | D:2      | Reached skill level 4 in Axes
   818 | D:2      | Reached XP level 4. HP: 19/40 MP: 4/4
  1654 | D:3      | Reached XP level 5. HP: 43/46 MP: 5/5
  1716 | D:3      | Reached skill level 1 in Dodging
  2005 | D:3      | Reached skill level 5 in Axes
  2353 | D:4      | Found Naulowoi's Book Boutique.
  2386 | D:4      | Reached XP level 6. HP: 43/53 MP: 6/6
  2402 | D:4      | HP: 1/53 [orc wizard/short sword of protection (6)]
  2413 | D:4      | Slain by an orc priest

Skill      XL: |  1  2  3  4  5 |
---------------+----------------+-----
Axes           | 3 4 5 |  5.4
Fighting       | 4 |  4.6
Armour         | 4 |  4.3
Dodging        | 1 |  1.5
Shields        | 4 |  4.2

Action                   |  1- 3 |  4- 6 || total
-------------------------+-------+-------++-------
Melee: War axe           |    95 |   178 ||   273
  Use: Potion            |     1 |     5 ||     6
       Scroll            |       |     7 ||     7
  Eat: Chunk             |       |     5 ||     5
Armor: Scale mail        |    55 |   114 ||   169
Dodge: Dodged            |    31 |    73 ||   104
Block: Shield            |    65 |   113 ||   178
